 Dungeon Crawl Stone Soup version 0.30-a0-627-gc11e7ae810 (webtiles) character file.

Game seed: 12679332086901242560

37 Citaku the Covered (level 3, -2/33 HPs)
             Began as a Minotaur Fighter on Jan 12, 2023.
             Killed by divine providence
             ... invoked by an orc priest
              (13 damage)
             ... on level 2 of the Dungeon.
             The game lasted 00:01:32 (962 turns).

Citaku the Covered (Minotaur Fighter)                Turns: 962, Time: 00:01:32

Health: -2/33      AC: 11    Str: 22    XL:     3   Next: 23%
Magic:  2/2        EV:  6    Int:  5    God:
Gold:   77         SH:  4    Dex:  9    Spells: 2/2 levels left

rFire   . . .      SeeInvis .    a - +0 war axe
rCold   . . .      Faith    .    c - +0 buckler
rNeg    . . .      Spirit   .    f - +0 plate armour
rPois   .          Reflect  .    (helmet restricted)
rElec   .          Harm     .    (no cloak)
rCorr   .          Rampage  .    (no gloves)
Will    .....                    (no boots) Stlth
                                 (no amulet)
HPRegen 0.25/turn                (no ring)
MPRegen 0.08/turn                (no ring)

@: no status effects
A: horns 2, retaliatory headbutt
a: no special abilities


You were on level 2 of the Dungeon.
You visited 1 branch of the dungeon, and saw 2 of its levels.

You collected 77 gold pieces.

Inventory:

Hand Weapons
 a - a +0 war axe (weapon)
Armour
 c - a +0 buckler (worn)
 f - a +0 plate armour (worn)
Scrolls
 h - a scroll of identify {unknown}
Potions
 b - a potion of magic {unknown}
 d - 2 potions of might
 e - a potion of invisibility {unknown}
 g - 2 potions of cancellation {unknown}
 i - 2 potions of mutation {unknown}
 j - a potion of degeneration {unknown}


   Skills:
 + Level 4.0 Fighting
 * Level 3.4 Axes
 * Level 4.3 Armour
 - Level 3.6 Shields


You had 2 spell levels left.
You didn't know any spells.
Your spell library contained the following spells:

 Spells                   Type           Power      Damage    Failure   Level
 Beastly Appendage        Tmut           0%         N/A       100%        1
 Wereblood                Tmut           0%         N/A       100%        2
 Spider Form              Tmut/Pois      0%         N/A       100%        3


Dungeon Overview and Level Annotations

Branches:
Dungeon (2/15)

Altars:


Innate Abilities, Weirdness & Mutations

You have a pair of horns on your head.
You reflexively headbutt those who attack you in melee.


Message History

An orc comes into view. It is wielding a +0 dagger.
An orc priest comes into view. It is wielding a +0 hand axe.
Found a stone staircase leading down.
The orc shouts!
A frilled lizard comes into view.
The frilled lizard hisses angrily.
You closely miss the orc. The orc closely misses you.
You barely miss the orc. You block the orc's attack.
You slash the orc!
You kill the orc!
You hit the orc. You headbutt the orc.
You kill the orc!
The orc priest invokes the aid of Beogh against you.
Pain shoots through your body! You block the frilled lizard's attack.
You barely miss the frilled lizard.
The frilled lizard bites you but does no damage.
You miss the frilled lizard. The frilled lizard barely misses you.
The frilled lizard bites you but does no damage.
You slash the frilled lizard!
You kill the frilled lizard!
The orc priest calls down the wrath of Beogh upon you.
Pain shoots through your body! The orc priest closely misses you.
Items here: )) [ †.
You closely miss the orc priest. The orc priest closely misses you.
You furiously retaliate!
You headbutt the orc priest! You hit the orc priest.
The orc priest is severely wounded.
You block the orc priest's attack.
The orc priest mumbles some strange prayers to Beogh against you.
Beogh smites you!
You hit the orc priest. Your headbutt misses the orc priest.
The orc priest is severely wounded.
The orc priest invokes the aid of Beogh against you.
Pain shoots through your body!
You barely miss the orc priest. Your headbutt misses the orc priest.
The orc priest is severely wounded.
The orc priest invokes the aid of Beogh against you.
Beogh smites you!
You die...

..###.....### #..#
.## ##....#####.. #
##
##.#.##.##.#####.#.
#
#.#.#...#.........
#
#.#............$..
#
#.#.#...#..##.#.#.
#.#.##.##..:......
#.#.##.###.##.#.#>
....#..# #@# ..
.####.## #o......#
#< #.......# #.
#.......# #........
........# #.......#
#........


You could see an orc priest.

Vanquished Creatures
  An adder (D:2)
  2 orcs (D:2)
  A bat (D:1)
  3 endoplasms (D:1)
  2 giant cockroaches (D:1)
  3 goblins (D:1)
  2 hobgoblins (D:1)
  A kobold (D:2)
  2 ball pythons (D:1)
  3 frilled lizards
  4 rats (D:1)
24 creatures vanquished.

Notes
Turn   | Place    | Note
-------+----------+-------------------------------------------
     0 | D:1      | Citaku the Minotaur Fighter began the quest for the Orb.
     0 | D:1      | Reached XP level 1. HP: 19/19 MP: 0/0
   282 | D:1      | Reached XP level 2. HP: 23/27 MP: 1/1
   895 | D:2      | Reached XP level 3. HP: 33/33 MP: 2/2
   962 | D:2      | Killed from afar by an orc priest

Illustrated notes

Levels and vault maps discovered:
D:1:      nzn_arrival_depleted_hourglass, layout_loops_corners,
          minmay_curled_crystal
D:2:      layout_loops_ring, uniq_terence

Skill      XL: |  1  2 |
---------------+-------+-----
Armour         | 4 |  4.3
Axes           | 3 |  3.4
Fighting       | 4 |  4.0
Shields        | |  3.6

Action                   || total
-------------------------++-------
Melee: War axe           ||    52
       Headbutt          ||     5
Armor: Scale mail        ||     2
       Plate armour      ||    25
Dodge: Dodged            ||    17
Block: Buckler           ||    10

Table legend: (Time is in decaauts)
 A = Elapsed time spent in this place.
 B = Non-inter-level travel time spent in this place.
 C = Inter-level travel time spent in this place.
 D = Time resting spent in this place.
 E = Time spent auto-exploring this place.
 F = Levels seen in this place.
 G = Mean time per level.
                   A        B        C        D        E       F      G
               +--------+--------+--------+--------+--------+-----+--------+
         Total |    981 |    931 |     50 |      0 |    726 |   2 |  490.5 |
       Dungeon |    981 |    931 |     50 |      0 |    726 |   2 |  490.5 |
               +--------+--------+--------+--------+--------+-----+--------+

Top non-repeatable levels by time:
     D:1: 895 daAuts
     D:2: 86 daAuts
